 Dungeon Crawl Stone Soup version 0.26-a0-259-g1effd001a9 (webtiles) character file.

Game seed: 3388708298405438024

35789 sanka the Spry (level 14, -3/104 HPs)
             Began as a Halfling Brigand on July 17, 2020.
             Was the Champion of Ru.
             Shot with an arrow by a tengu warrior (22 damage)
             ... on level 15 of the Dungeon.
             The game lasted 00:36:04 (18224 turns).

sanka the Spry (Halfling Brigand)                  Turns: 18224, Time: 00:36:05

Health: -3/104     AC: 12    Str: 13    XL:     14   Next: 20%
Magic:  14/14      EV: 26    Int:  9    God:    Ru [******]
Gold:   688        SH:  0    Dex: 20    Spells: 13/13 levels left

rFire    + . .     SeeInvis .   a - +7 rapier "Cyveptok" {speed, *Contam rPois rC++ MR+}
rCold    + + .     Faith    .   (shield unavailable)
rNeg     . . .     Spirit   .   p - +0 swamp dragon scales
rPois    +         Reflect  .   n - +0 helmet
rElec    .         Harm     .   c - +0 cloak
rCorr    .                      t - +1 pair of gloves
MR       ++...                  z - +0 pair of boots
Stlth    +++.......             g - amulet of regeneration
HPRegen  0.67/turn              (ring unavailable)
MPRegen  0.14/turn              D - ring of protection from fire

@: no status effects
A: small, mutation resistance 1, missing a hand, inability to use devices,
inexperienced 1
a: Draw Out Power, Power Leap, Apocalypse, Renounce Religion


You were on level 15 of the Dungeon.
You worshipped Ru.
Ru was exalted by your worship.
You were not hungry.

You visited 2 branches of the dungeon, and saw 16 of its levels.

You collected 1359 gold pieces.
You spent 671 gold pieces at shops.


Innate Abilities, Weirdness & Mutations

You are small and have problems with some larger weapons.
You are somewhat resistant to further mutation.
You are missing a hand.
You cannot study or use magical devices.
You are somewhat inexperienced. (-2 XL)


   Skills:
 + Level 12.5 Fighting
 - Level 14.0 Short Blades
 - Level 2.0 Throwing
 + Level 15.9 Dodging
 - Level 5.0 Stealth


You had 13 spell levels left.
You didn't know any spells.
Your spell library contained the following spells:

 Spells                   Type           Power        Failure   Level
 Sandblast                Erth           #.....       65%         1
 Passwall                 Tmut/Erth      #.......     80%         2
 Stone Arrow              Conj/Erth      #.....       95%         3
 Petrify                  Tmut/Erth      #.......     100%        4
 Irradiate                Conj/Tmut      #.........   100%        5
 Lee's Rapid Deconstruct  Erth           #.........   100%        5
 Hydra Form               Tmut           #.........   100%        6
 Statue Form              Tmut/Erth      #........    100%        6
 Dragon Form              Tmut           #.........   100%        7

Inventory:

Hand Weapons
 a - the +7 rapier "Cyveptok" (weapon) {speed, *Contam rPois rC++ MR+} Attacks with this weapon are significantly faster. It greatly protects you from cold. It protects you from poison. It affects your resistance to hostile enchantments. It causes magical contamination when unequipped.
Missiles
 d - 87 poisoned darts (quivered)
 e - 11 curare-tipped darts {=f}
 F - 7 datura-tipped darts
Armour
 c - a +0 cloak (worn)
 n - a +0 helmet (worn)
 p - +0 swamp dragon scales (worn)
 t - a +1 pair of gloves (worn)
 z - a +0 pair of boots (worn)
Jewellery
 g - an amulet of regeneration (around neck)
 D - a ring of protection from fire (right hand)
 H - an uncursed ring of protection from magic
Scrolls
 h - 5 scrolls of magic mapping
 j - 8 scrolls of amnesia
 k - a scroll of fog
 o - 7 scrolls of teleportation {@r4}
 q - a scroll of enchant weapon
 x - 5 scrolls of blinking
 y - 2 scrolls of enchant armour
 J - a scroll of remove curse
Potions
 i - 2 potions of flight
 l - 2 potions of lignification {!q}
 m - 4 potions of heal wounds {@q2}
 r - a potion of stabbing {unknown}
 s - 3 potions of magic
 u - a potion of mutation {unknown}
 v - 3 potions of curing {@q1}
 w - a potion of resistance {unknown}
 A - a potion of invisibility {unknown}
 B - 2 potions of might {unknown}
 C - 3 potions of brilliance {unknown}
 E - a potion of haste {unknown}
 G - 2 potions of cancellation {unknown}
 I - 3 potions of ambrosia
Miscellaneous
 b - a tin of tremorstones (3/3)
Comestibles
 f - 38 rations

Dungeon Overview and Level Annotations

Branches:
Dungeon (15/15)            Temple (1/1) D:5            Lair (0/6) D:9
    Orc (0/2) D:9          Vaults (0/5) D:13
 Depths: D:15

Altars:
Ashenzari
Cheibriados
Dithmenos
Elyvilon
Fedhas
Gozag
Hepliaklqana
Kikubaaqudgha
Makhleb
Nemelex Xobeh
Okawaru
Qazlal
Ru
Sif Muna
Trog
Uskayaw
Vehumet
Wu Jian
Xom
Yredelemnul
Zin
The Shining One

Shops:
D:4 (   D:13 =

Annotations:
D:5 3 runed translucent doors, Zebulonius's ghost, novice MiBe

.......▒▒▒▒▒▒............▒..[.
.......▒▒▒..Q............▒.▒..
...#..▒............▒▒.........
......▒............▒▒.........
.*........Q)....▒.............
..▒▒......*.....▒.▒▒▒.........
.. ▒.........▒▒.......▒...))..
.[......(▒▒....<..........
....(.(..p.......▒▒...[)..
▒'▒.............. ▒.......
▒.▒.▒.▒▒▒▒▒▒▒▒▒▒▒ ▒....▒..
....... ▒.....▒▒ ..▒.▒.▒▒ ▒▒
▒.....▒▒ ....▒.▒▒ ..≈ ▒.......
▒▒▒▒▒.▒....▒ ≈▒.≈▒..)....
▒<†...▒....▒ ....▒....▒..
.†▒.........▒ ▒.'..).▒..


You could see a tengu warrior, a tengu conjurer and a battlesphere.


Message History

The deep elf mage is almost dead.
The jumping spider completely misses you.
The jumping spider bites you.
* * * LOW HITPOINT WARNING * * *
You hit the deep elf mage.
You kill the deep elf mage!
The tengu warrior shoots an arrow.
The arrow completely misses you.
A gargoyle comes into view. It is wielding a +0 morningstar.
The gargoyle moves out of view.
Things that are here:
a +0 short sword an elf corpse Unknown command.
The tengu warrior shoots an arrow.
The arrow completely misses you.
The tengu warrior shoots an arrow.
The arrow misses you.
The tengu conjurer points at you and mumbles some strange words.
The lance of force misses you.
The battlesphere fires!
The barrage of energy hits you!
* * * LOW HITPOINT WARNING * * *
The tengu warrior shoots an arrow.
The arrow hits you!!
* * * LOW HITPOINT WARNING * * *
You see here an arrow.
The tengu warrior shoots an arrow.
The arrow hits you!!
You die...

Action                   |  1- 3 |  4- 6 |  7- 9 | 10-12 | 13-15 || total
-------------------------+-------+-------+-------+-------+-------++-------
Melee: Dagger            |   111 |   123 |    17 |       |       ||   251
       Quarterstaff      |       |       |    71 |       |       ||    71
       Rapier            |       |       |   355 |   703 |   427 ||  1485
Throw: Dart              |       |    44 |    18 |    15 |     2 ||    79
Invok: Sacrifice Experie |       |       |     1 |       |       ||     1
       Sacrifice Artific |       |       |       |     1 |       ||     1
       Sacrifice a Hand  |       |       |       |     1 |       ||     1
       Apocalypse        |       |       |       |     2 |     2 ||     4
Evoke: Wand              |       |     1 |       |       |       ||     1
  Use: Scroll            |     5 |     2 |     6 |     3 |     3 ||    19
       Potion            |       |       |     1 |       |       ||     1
 Stab: Sleeping          |     5 |    10 |    16 |     9 |     1 ||    41
       Paralysed         |       |     2 |       |       |     4 ||     6
       Invisible         |       |       |       |     4 |     3 ||     7
       Distracted        |       |       |       |     2 |     5 ||     7
       Petrified         |       |       |       |     2 |       ||     2
  Eat: Ration            |     1 |     2 |     6 |     4 |     2 ||    15
Armor: Robe              |    28 |    47 |    40 |     5 |       ||   120
       Swamp dragon scal |       |       |    40 |    44 |    42 ||   126
       Chain mail        |       |       |       |    24 |       ||    24
Dodge: Dodged            |    76 |   206 |   307 |   298 |   161 ||  1048

Levels and vault maps discovered:
D:1:      shiori_arrival_whats_in_store_for_you, layout_basic
D:2:      layout_basic
D:3:      layout_loops_corners, uniq_ijyb, uniq_natasha
D:4:      layout_cave_pools, fedhas_altar_4, serial_shops, shop, first_ration,
          minivault_24, kennysheep_doodads, minmay_misc_feat_pillars,
          minmay_misc_feat_tower, uniq_eustachio
D:5:      layout_rooms, minmay_temple_entry_oklob, gammafunk_ghost_split,
          uniq_prince_ribbit1
D:6:      layout_gridville
D:7:      layout_basic, grunt_livestock, uniq_joseph
D:8:      black_bear_nest_1, layout_basic, uniq_maggie
D:9:      layout_long_grid, chequers_temple_overflow_statue_of_worship,
          minmay_lair_entry_grove, orc_0_dummy, kb_xom_exploding_sheep,
          uniq_psyche
D:10:     statuecave_lemuel, layout_loops_ring
D:11:     minmay_cornered_nines, layout_loops_ring, basic_altar
D:12:     minmay_polygon_palace, layout_irregular_city
D:13:     layout_basic, grunt_vaults_entry_fortified, serial_shops, shop
D:14:     minmay_twisted_water, layout_cave_pools
D:15:     grunt_enter_depths_snipers, layout_basic, minmay_misc_feat_ornament
Temple:   minmay_crystal_spiral_temple

Notes
Turn   | Place    | Note
-------+----------+-------------------------------------------
     0 | D:1      | sanka the Halfling Brigand began the quest for the Orb.
     0 | D:1      | Reached XP level 1. HP: 14/14 MP: 1/1
     0 | D:1      | Noticed a shadow dragon
     0 | D:1      | Noticed an iron dragon
     0 | D:1      | Noticed a shadow dragon
     1 | D:1      | Noticed a purple draconian
     3 | D:1      | Noticed an ice dragon
     3 | D:1      | Noticed an orb of fire
     8 | D:1      | Noticed a shadow dragon
    12 | D:1      | Noticed an ice dragon
    12 | D:1      | Noticed a shadow dragon
    13 | D:1      | Noticed a shadow dragon
    14 | D:1      | Noticed a tentacled monstrosity
    16 | D:1      | Noticed an iron dragon
    18 | D:1      | Noticed an orb of fire
    20 | D:1      | Noticed a large abomination
   360 | D:1      | Reached XP level 2. HP: 19/19 MP: 2/2
   388 | D:1      | Reached skill level 2 in Fighting
  1033 | D:1      | Reached skill level 3 in Short Blades
  1033 | D:1      | Reached XP level 3. HP: 24/24 MP: 3/3
  1151 | D:1      | Reached skill level 2 in Dodging
  1313 | D:2      | Reached skill level 5 in Stealth
  1610 | D:2      | Reached XP level 4. HP: 14/29 MP: 4/4
  2048 | D:3      | Noticed Natasha
  2064 | D:3      | Killed Natasha
  2064 | D:3      | Reached skill level 3 in Dodging
  2341 | D:3      | Noticed Ijyb
  2346 | D:3      | Killed Ijyb
  2346 | D:3      | Reached skill level 4 in Dodging
  2346 | D:3      | Reached XP level 5. HP: 34/34 MP: 5/5
  2489 | D:3      | Noticed Natasha
  2830 | D:3      | Killed Natasha
  3187 | D:4      | Found Neneudgh's Antique Weapon Emporium.
  3259 | D:4      | Noticed an ogre
  3320 | D:4      | Killed an ogre
  3320 | D:4      | Reached skill level 5 in Dodging
  3320 | D:4      | Reached XP level 6. HP: 30/39 MP: 6/6
  3614 | D:4      | Reached skill level 6 in Dodging
  3713 | D:4      | Noticed Eustachio
  4013 | D:4      | Killed Eustachio
  4013 | D:4      | Reached skill level 7 in Dodging
  4013 | D:4      | Reached XP level 7. HP: 42/45 MP: 7/7
  4244 | D:4      | Found a blossoming altar of Fedhas.
  4522 | D:4      | Bought a glowing quarterstaff for 196 gold pieces
  4532 | D:5      | Entered Level 5 of the Dungeon
  4738 | D:5      | Found a runed translucent gate.
  4738 | D:5      | Found a runed translucent gate.
  4740 | D:5      | Found a runed translucent gate.
  4740 | D:5      | Noticed Zebulonius's ghost (novice MiBe)
  4934 | D:6      | Got a shimmering rapier
  4935 | D:6      | Identified the +7 rapier "Cyveptok" {speed, *Contam rPois
                  | rC++ MR+} (You found it on level 6 of the Dungeon)
  4943 | D:6      | Reached skill level 8 in Dodging
  5025 | D:6      | Reached XP level 8. HP: 38/51 MP: 8/8
  5210 | D:6      | Reached skill level 4 in Short Blades
  5324 | D:6      | Reached skill level 3 in Fighting
  5877 | D:5      | Noticed Prince Ribbit
  5884 | D:5      | Killed Prince Ribbit
  5884 | D:5      | Reached skill level 5 in Short Blades
  6064 | D:5      | Found a staircase to the Ecumenical Temple.
  6081 | D:5      | Reached skill level 4 in Fighting
  6081 | D:5      | Reached skill level 9 in Dodging
  6324 | Temple   | Entered the Ecumenical Temple
  6409 | Temple   | Became a worshipper of Ru the Awakened
  6581 | D:7      | Reached XP level 9. HP: 58/58 MP: 9/9
  6603 | D:7      | Reached skill level 6 in Short Blades
  7781 | D:7      | Reached skill level 5 in Fighting
  7786 | D:7      | Reached skill level 7 in Short Blades
  7836 | D:7      | Reached skill level 10 in Dodging
  8023 | D:7      | Noticed Joseph
  8051 | D:7      | Killed Joseph
  8051 | D:7      | Reached XP level 10. HP: 39/68 MP: 10/10
  8059 | D:7      | Reached skill level 8 in Short Blades
  8068 | D:7      | Reached skill level 6 in Fighting
  8767 | D:8      | Identified +0 swamp dragon scales
  8767 | D:8      | Noticed Maggie
  8772 | D:8      | Killed Maggie
  8801 | D:8      | Reached skill level 9 in Short Blades
  8837 | D:8      | Gained mutation: You are somewhat inexperienced. (-2 XL)
                  | [Ru sacrifice]
  8837 | D:8      | Reached XP level 9. HP: 63/63 MP: 9/9
  8837 | D:8      | Reached XP level 8. HP: 58/58 MP: 8/8
  8837 | D:8      | Reached * piety under Ru
  8837 | D:8      | Reached ** piety under Ru
  8858 | D:8      | Reached skill level 11 in Dodging
  8888 | D:8      | Noticed a wraith
  8906 | D:8      | Killed a wraith
  8938 | D:8      | Reached skill level 7 in Fighting
  8938 | D:8      | Reached XP level 9. HP: 56/64 MP: 9/9
 10280 | D:9      | Reached skill level 10 in Short Blades
 10448 | D:9      | Reached XP level 10. HP: 71/71 MP: 10/10
 10463 | D:9      | Found a staircase to the Lair.
 10857 | D:9      | Found a white marble altar of Elyvilon.
 10857 | D:9      | Found a burning altar of Makhleb.
 10888 | D:9      | Found a staircase to the Orcish Mines.
 10903 | D:9      | Reached skill level 8 in Fighting
 10988 | D:9      | Noticed Psyche
 10997 | D:9      | Killed Psyche
 10997 | D:9      | Reached skill level 12 in Dodging
 11071 | D:9      | Found a bloodstained altar of Trog.
 11071 | D:9      | Found a basalt altar of Yredelemnul.
 11409 | D:9      | Found a shimmering altar of Xom.
 11454 | D:10     | Entered Level 10 of the Dungeon
 11595 | D:10     | Gained mutation: You cannot study or use magical devices.
                  | [Ru sacrifice]
 11595 | D:10     | Reached *** piety under Ru
 11595 | D:10     | Reached **** piety under Ru
 11764 | D:10     | Reached skill level 11 in Short Blades
 11852 | D:10     | Reached XP level 11. HP: 78/78 MP: 11/11
 12217 | D:11     | Found a stormy altar of Qazlal.
 12978 | D:11     | Noticed a wizard
 12984 | D:11     | Noticed a cyclops
 12992 | D:11     | Killed a wizard
 13017 | D:11     | Killed a cyclops
 13017 | D:11     | Reached skill level 9 in Fighting
 13426 | D:12     | Noticed a five-headed hydra
 13626 | D:12     | Noticed a two-headed ogre
 13653 | D:12     | Noticed a two-headed ogre
 13669 | D:12     | Killed a two-headed ogre
 13907 | D:12     | Killed a two-headed ogre
 13907 | D:12     | Reached skill level 12 in Short Blades
 13907 | D:12     | Reached skill level 13 in Dodging
 14073 | D:12     | Noticed a cyclops
 14536 | D:12     | Gained mutation: You are missing a hand. [Ru sacrifice]
 14536 | D:12     | Reached ***** piety under Ru
 14536 | D:12     | Reached ****** piety under Ru
 14582 | D:12     | Killed a cyclops
 14585 | D:12     | Killed a five-headed hydra
 14585 | D:12     | Reached XP level 12. HP: 66/87 MP: 12/12
 15104 | D:13     | Found Woegom's Jewellery Emporium.
 15170 | D:13     | Reached skill level 10 in Fighting
 15244 | D:13     | Noticed a catoblepas
 15281 | D:13     | Killed a catoblepas
 15317 | D:13     | Reached skill level 13 in Short Blades
 15319 | D:13     | Noticed a sun demon
 15634 | D:13     | Noticed a vault guard
 15644 | D:13     | Noticed a vault guard
 15754 | D:13     | Killed an unseen horror
 15776 | D:13     | Reached skill level 14 in Dodging
 16051 | D:13     | Noticed a vault guard
 16052 | D:13     | Noticed a vault guard
 16063 | D:13     | Noticed a vault guard
 16070 | D:13     | Killed a vault guard
 16070 | D:13     | Killed a vault guard
 16070 | D:13     | Reached XP level 13. HP: 61/94 MP: 13/13
 16070 | D:13     | Killed a vault guard
 16071 | D:13     | Killed a vault guard
 16071 | D:13     | Reached skill level 11 in Fighting
 16077 | D:13     | Killed a vault guard
 16077 | D:13     | Reached skill level 14 in Short Blades
 16152 | D:13     | Found a gate to the Vaults.
 16751 | D:13     | Bought an uncursed ring of protection from fire for 475
                  | gold pieces
 16787 | D:14     | Noticed a centaur warrior
 16797 | D:14     | Killed a centaur warrior
 17013 | D:14     | Reached skill level 15 in Dodging
 17461 | D:14     | Reached skill level 12 in Fighting
 17685 | D:15     | Entered Level 15 of the Dungeon
 17762 | D:15     | Reached XP level 14. HP: 103/103 MP: 14/14
 18224 | D:15     | Shot with an arrow by a tengu warrior

Vanquished Creatures
  5 vault guards (D:13)
  A catoblepas (D:13)
  3 two-headed ogres
  A centaur warrior (D:14)
  3 unseen horrors
  A wizard (D:11)
  2 deep elf magi
  3 cyclopes
  An orc knight (D:15)
  10 ugly things
  An orc sorcerer (D:13)
  3 manticores
  Psyche (D:9)
  2 gargoyles (D:13)
  Joseph (D:7)
  Maggie (D:8)
  An efreet (D:15)
  3 kobold demonologists
  A komodo dragon (shapeshifter) (D:15)
  A tengu conjurer (D:13)
  3 trolls
  Prince Ribbit (D:5)
  A hornet (D:9)
  A meliai zombie (D:12)
  8 slime creatures
  4 hippogriffs
  A vampire (D:12)
  A water elemental (D:14)
  16 yaks
  Eustachio (D:4)
  4 hogs (D:7)
  A human (D:7)
  3 wyverns
  3 wraiths
  4 vampire mosquitoes
  3 basilisks
  3 porcupines (D:9)
  An acid dragon (D:13)
  2 water moccasins
  8 orc warriors
  15 ice beasts
  4 sky beasts
  4 black bears
  An eye of draining (D:13)
  A necrophage (D:12)
  A phantom (D:9)
  7 ogres
  2 wolves (D:9)
  10 centaurs
  A crocodile (D:15)
  13 bullfrogs
  3 scorpions
  A wyvern skeleton (D:13)
  6 jellies
  9 killer bees
  An oklob sapling (D:5)
  13 wights
  5 electric eels
  6 howler monkeys
  A quasit (D:12)
  A bullfrog zombie (D:12)
  5 centaur skeletons
  4 centaur zombies
  3 hounds
  3 orc priests
  5 bullfrog skeletons
  3 iguanas
  Ijyb (D:3)
  Natasha (twice) (D:3)
  5 orc wizards
  4 worker ants
  A hound skeleton (D:4)
  10 gnolls
  2 howler monkey skeletons
  6 adders
  2 white imps
  3 ufetubi
  An adder skeleton (D:9)
  2 worms
  A dart slug (D:1)
  5 leopard geckos
  35 orcs
  4 bats
  4 giant cockroaches
  7 goblins
  3 hobgoblins
  10 jackals
  5 quokkas
  4 frilled lizards
  A jackal skeleton (D:6)
  5 kobolds
  7 rats
  A plant (D:5)
373 creatures vanquished.

Vanquished Creatures (collateral kills)
  A black bear (D:9)
  3 orcs (D:9)
4 creatures vanquished.

Vanquished Creatures (others)
  A hydra (D:12)
  5 dream sheep (D:9)
  A wolf (D:9)
  A centaur (D:11)
  A bullfrog (D:12)
  A plant (D:9)
10 creatures vanquished.

Grand Total: 387 creatures vanquished
